[Event "*** Titled Tuesday Blitz"]
[Site "Chess.com"]
[Date "2020.11.24"]
[Round "7"]
[White "Nils_03"]
[Black "amatatanav"]
[Result "0-1"]
[WhiteElo "2241"]
[BlackElo "2396"]
[TimeControl "180+1"]
[EndTime "11:35:08 PST"]
[Termination "amatatanav won by resignation"]

1. d4 Nf6 2. c4 e6 3. Nc3 d5 4.
cxd5 exd5 5. Bg5 Be7 6. e3 h6 7.
Bh4 O-O 8. Bd3 c6 9. Qc2 Re8 10. Nf3 Ne4 11. Bxe7 Qxe7 12. O-O Bf5 13. Ne5 Nd7 14.
Bxe4 Bxe4 15. Nxe4 dxe4 16. Nxd7 Qxd7 17. b4 Re6 18. a4 Rae8 19. Rab1 Rg6 20. Qe2 Qh3 21. g3 Rg5 22. b5 Rh5 23. f4 exf3 24. Rxf3 Re6 25.
Qg2 Qxg2+ 26. Kxg2 cxb5 27. Rxb5 Rxb5 28. axb5 g6 29. d5 Rb6 30. e4 Rxb5 31. Rd3 Kf8 32. d6 Ke8 33. Kf3 Kd7 34. Kf4 f6 35. h4 Rb6 36. e5 Rb4+ 37. Kf3 fxe5 38. Rd5 Rb6 39.
Ra5 Rxd6 40. Rxa7 Kc6 41. Ra8 b5 42. Rc8+ Kd5 43. Ke3 Rb6 44. Rd8+ Kc4 45. Rc8+ Kb3 46. Re8 b4 47. Rxe5 Kc2 48. Rc5+ Kd1 49. Rd5+ Kc1 50. Rc5+ Kb1 51. Kd2 b3 52. h5 gxh5 53. Rxh5 b2 54. Ra5 Rd6+ 55. Kc3 Kc1 0-1

[Event "*** Titled Tuesday Blitz"]
[Site "Chess.com"]
[Date "2020.11.24"]
[Round "7"]
[White "ama18"]
[Black "ARTHURMOTIVATOR"]
[Result "1-0"]
[WhiteElo "2444"]
[BlackElo "2280"]
[TimeControl "180+1"]
[EndTime "11:35:09 PST"]
[Termination "ama18 won by resignation"]

1. e4 c6 2. d4 d5 3. e5 c5 4. dxc5 e6 5. Be3 Nh6 6. Bxh6 gxh6 7. Qd4 a6 8. f4 Nc6 9. Qf2 Qa5+ 10. c3 Bxc5 11.
Qd2 Qb6 12. Nh3 Bd7 13. Bd3 O-O-O 14. Na3 Kb8 15. g3 f6 16. exf6 e5 17. f5 e4 18.
Be2 Ka8 19. b4 Be3 20. Qc2 Bxf5 21. Nf4 Rhg8 22. Rf1 Nxb4 23. Qb3 Nd3+ 24. Nxd3 Qxb3 25.
axb3 exd3 26. Rxf5 dxe2 27. Kxe2 Bg5 28. Raf1 Rge8+ 29. Kd1 Be3 30. Nc2 Bb6 31. f7 Rf8 32.
Kd2 Ka7 33. Kd3 Rd7 34. Nb4 d4 35. c4 Bd8 36. Nd5 b5 37. Kxd4 bxc4 38. bxc4 Bb6+ 39. c5 Bd8 40. c6 Rd6 41. Kc5 Rg6 42. c7 Bg5 43. h4 Bd2 44. R1f2 Ba5 45. Re5 Bb6+ 46. Nxb6 Rxb6 47. Re8 Rb5+ 48. Kc4 1-0

[Event "*** Titled Tuesday Blitz"]
[Site "Chess.com"]
[Date "2020.11.24"]
[Round "7"]
[White "GelmanAlexander"]
[Black "platy3"]
[Result "1-0"]
[WhiteElo "2587"]
[BlackElo "2820"]
[TimeControl "180+1"]
[EndTime "11:35:10 PST"]
[Termination "GelmanAlexander won by checkmate"]

1. d4 Nf6 2. Nc3 d5 3. Bf4 Bf5 4. f3 e6 5. g4 Bg6 6. h4 h6 7. e3 c5 8. Nb5 Na6 9. c3 Be7 10. a4 Nd7 11. Bg3 Qb6 12. Ne2 c4 13. Nf4 Bh7 14. b3 cxb3 15. Qxb3 Rc8 16. Kf2 Qa5 17.
Be2 Nc7 18. Nh5 O-O 19. g5 Nxb5 20.
Bxb5 Rxc3 21. Qd1 Rc2+ 22. Kg1 Qc3 23. Bf4 Qb2 24. Rh2 Rxh2 25. Bxh2 Nb6 26. gxh6 Bxh4 27.
Kh1 Rc8 28. Qg1 g6 29. Be5 Rc2 30. Nf6+ Bxf6 31. Bxf6 Qc3 32. Re1 Nc4 33. Qg3 e5 34. Bxc4 dxc4 35. Bxe5 Qd2 36. Rg1 f6 37. Bxf6 Kf7 38.
Bg5 Qd3 39. Qc7+ Ke6 40. Qe7+ Kd5 41. Qd7# 1-0

[Event "*** Titled Tuesday Blitz"]
[Site "Chess.com"]
[Date "2020.11.24"]
[Round "7"]
[White "Gudmundur_Kjartansson"]
[Black "machupichu10"]
[Result "0-1"]
[WhiteElo "2554"]
[BlackElo "2759"]
[TimeControl "180+1"]
[EndTime "11:35:10 PST"]
[Termination "machupichu10 won on time"]

1. d4 Nf6 2. c4 e6 3. Nf3 d5 4.
Nc3 Bb4 5. Qa4+ Nc6 6. Bg5 h6 7. Bxf6 Qxf6 8. e3 O-O 9. cxd5 exd5 10. Be2 Qg6 11. O-O Bh3 12. Ne1 Rfe8 13. Nxd5 Bd6 14. Bf3 Qg5 15. Rc1 Re6 16. Nf4 Bxf4 17. exf4 Qxf4 18. Rd1 Rg6 19. g3 Bxf1 20. Kxf1 Qd6 21. Nc2 Rd8 22. Bg2 a6 23. h4 Rg4 24. Qb3 Nxd4 25. Nxd4 Rxd4 26. Rxd4 Qxd4 27. Bxb7 Rb8 28. Qf3 Qxb2 29. Bd5 Qf6 30. Qe3 Qd6 31. Bb3 Rd8 32.
Kg2 Qc6+ 33. Kh2 Qf6 34. Kg2 h5 35. Qe2 g6 36. Qe3 Kg7 37. Qe2 Qc6+ 38. Kh2 Qc3 39. Qe4 Rd2 40. Qf4 Rd7 41. Kg2 c5 42. Kh2 Qd4 43.
Qf3 c4 0-1

[Event "*** Titled Tuesday Blitz"]
[Site "Chess.com"]
[Date "2020.11.24"]
[Round "7"]
[White "CzechmVIII"]
[Black "YIYUKI"]
[Result "0-1"]
[WhiteElo "2132"]
[BlackElo "2334"]
[TimeControl "180+1"]
[EndTime "11:35:10 PST"]
[Termination "YIYUKI won by checkmate"]

1. e4 e5 2. Nf3 Nc6 3. Bb5 a6 4. Ba4 Nf6 5. O-O b5 6. Bb3 Bc5 7. Nc3 d6 8. Nd5 h6 9. c3 Bb7 10. d4 Ba7 11. Nxf6+ Qxf6 12. Bd5 Rb8 13. Be3 Bb6 14.
dxe5 Nxe5 15. Nxe5 dxe5 16. Bxb6 Qxb6 17. Qh5 Qf6 18.
Bxb7 Rxb7 19. Rad1 O-O 20. Rd7 Qc6 21. Rfd1 Qxe4 22.
Re7 Rb6 23. Qxe5 Qc2 24. Qe2 Qxe2 25. Rxe2 c5 26. h3 c4 27. Rd7 Rfb8 28. Ree7 Rf6 29.
Ra7 b4 30. f3 bxc3 31. bxc3 Rb2 32. Kh2 Rg6 33. Rxf7 Rgxg2+ 34. Kh1 Rh2+ 35. Kg1 Rbg2+ 36. Kf1 Rf2+ 37. Ke1 Rfg2 38. Kf1 Rf2+ 39. Ke1 Re2+ 40.
Kf1 Rhf2+ 41. Kg1 Rg2+ 42. Kf1 Ref2+ 43. Ke1 Rxa2 44. Rfd7 Rg1# 0-1

[Event "*** Titled Tuesday Blitz"]
[Site "Chess.com"]
[Date "2020.11.24"]
[Round "7"]
[White "Kislov_Oleg"]
[Black "RTFrancisco"]
[Result "1-0"]
[WhiteElo "2386"]
[BlackElo "2464"]
[TimeControl "180+1"]
[EndTime "11:35:11 PST"]
[Termination "Kislov_Oleg won by resignation"]

1. d4 Nf6 2. Nc3 d5 3. Bg5 Nbd7 4. Nf3 g6 5. e3 Bg7 6. Bd3 O-O 7. Ne5 c5 8. O-O c4 9. Be2 h6 10. Bf4 e6 11. b3 Qa5 12. Qe1 b6 13. bxc4 Ba6 14.
Nc6 Qa3 15. Nb5 Qa4 16. Ne7+ Kh7 17. Nc7 Bxc4 18. Nxa8 Rxa8 19. Bxc4 Qxc4 20. Bd6 Bf8 21. Qb4 Qxb4 22. Bxb4 Re8 23. Nc6 a5 24. Bxf8 Rxf8 25. Ne5 Nxe5 26. dxe5 Ne4 27. Rfb1 Rb8 28. Rb3 Nc5 29.
Rb5 Nd7 30. f4 Kg7 31. Rab1 Kf8 32. Kf2 Ke7 33. Ke2 Kd8 34. Kd3 Kc7 35. c4 dxc4+ 36.
Kxc4 Kc6 37. Rd1 Rc8 38. Rd6+ Kb7+ 39. Kd3 Nc5+ 40. Ke2 Kc7 41. Rdxb6 Nd7 42. Rb7+ Kc6 43. Rb1 Nc5 44. Ra7 Ne4 45. Rc1+ Kb6 46. Rxc8 Kxa7 47.
Rc7+ 1-0

[Event "*** Titled Tuesday Blitz"]
[Site "Chess.com"]
[Date "2020.11.24"]
[Round "7"]
[White "JoachimMouhamad"]
[Black "nitpicker"]
[Result "1-0"]
[WhiteElo "2471"]
[BlackElo "2298"]
[TimeControl "180+1"]
[EndTime "11:35:12 PST"]
[Termination "JoachimMouhamad won on time"]

1. e4 d5 2. exd5 Qxd5 3. Nc3 Qd8 4. d4 Nf6 5. Nf3 Bg4 6. h3 Bxf3 7. Qxf3 c6 8. Be3 e6 9. Bd3 Bb4 10. O-O Nbd7 11.
Ne4 Nxe4 12. Bxe4 Nf6 13. Bd3 O-O 14. c3 Be7 15. a4 a5 16. Rad1 Qd5 17. Qe2 Rfd8 18.
Bc4 Qe4 19. Bd3 Qd5 20. Rfe1 h6 21. Bf4 Bd6 22. Bc1 Bc7 23. Bc2 Qd6 24. g3 Qd5 25.
h4 Re8 26. b3 Rad8 27. c4 Qd6 28. Bb2 Qd7 29. Rd3 Bd6 30. Rf3 Bb4 31. Rd1 Qe7 32. Rdd3 c5 33. d5 e5 34. Rde3 Nd7 35.
Qd3 g6 36. h5 f5 37. hxg6 e4 38. Qf1 Qg5 39. Rf4 Ne5 40. Bxe5 Rxe5 41. Qh3 Rf8 42. Rh4 Kg7 43. Rf4 1-0

[Event "*** Titled Tuesday Blitz"]
[Site "Chess.com"]
[Date "2020.11.24"]
[Round "7"]
[White "GianmarcoVaR"]
[Black "Gogolev_Artemy"]
[Result "0-1"]
[WhiteElo "2596"]
[BlackElo "2486"]
[TimeControl "180+1"]
[EndTime "11:35:13 PST"]
[Termination "Gogolev_Artemy won on time"]

1. d4 Nf6 2. Nf3 g6 3. Bg5 Bg7 4. Nbd2 d5 5. e3 O-O 6. c3 Nbd7 7. Bh4 c5 8. Be2 b6 9. a4 a6 10. b4 Bb7 11. a5 cxb4 12. cxb4 Rc8 13. O-O Re8 14.
Bd3 bxa5 15. bxa5 Rc3 16. Qe2 Qa8 17. Rfc1 Rec8 18. Rxc3 Rxc3 19. h3 e6 20. Ne1 Ne4 21. Nxe4 dxe4 22. Bc4 Qc8 23. Ra4 e5 24. d5 Nc5 25.
Rb4 Nd3 26. Nxd3 exd3 27. Bxd3 Bxd5 28. Bxa6 Rc1+ 29. Kh2 Qc5 30. Rb5 Qc6 31. Rb8+ Bf8 32. Be7 Bxg2 33. e4 Bxe4 34. Bxf8 Rh1+ 35. Kg3 h5 36. Bh6+ Kh7 37. Bf4 Rg1+ 0-1

[Event "*** Titled Tuesday Blitz"]
[Site "Chess.com"]
[Date "2020.11.24"]
[Round "7"]
[White "eCztery"]
[Black "bylavochka"]
[Result "1-0"]
[WhiteElo "2351"]
[BlackElo "2150"]
[TimeControl "180+1"]
[EndTime "11:35:13 PST"]
[Termination "eCztery won on time"]

1. e4 c5 2. Nf3 d6 3. d4 cxd4 4. Qxd4 Nc6 5. Bb5 Qa5+ 6. Nc3 Bd7 7. Bxc6 bxc6 8. Bg5 e5 9. Qd2 h6 10. Bh4 Rd8 11. Bxd8 Qxd8 12. O-O-O Be6 13. Nxe5 Qc7 14. Nf3 Be7 15. Kb1 Nf6 16. Rhe1 O-O 17. Nd4 Nd7 18. f4 Nc5 19. Nxe6 fxe6 20. g3 Rb8 21. b3 a5 22. Qd4 e5 23. fxe5 dxe5 24. Qc4+ Kh7 25. Rf1 a4 26. Rf7 axb3 27. cxb3 Qa7 28. Rdf1 Qa3 29.
Rxe7 Nxb3 30. Rxg7+ Kh8 31. Rg8+ Rxg8 32. Qxb3 Qc5 33. Rf7 Qd6 34. Rb7 Rf8 35. Nd1 Rf1 36. Rb8+ Kg7 37. Qg8+ Kf6 38. Rf8+ 1-0

[Event "*** Titled Tuesday Blitz"]
[Site "Chess.com"]
[Date "2020.11.24"]
[Round "7"]
[White "levallem"]
[Black "HajduIstvanCM"]
[Result "1-0"]
[WhiteElo "2231"]
[BlackElo "1702"]
[TimeControl "180+1"]
[EndTime "11:35:13 PST"]
[Termination "levallem won on time"]

1. e4 Nc6 2. d4 e5 3. d5 Nce7 4. c4 Ng6 5. g3 Bc5 6. Bg2 Nf6 7. Nc3 O-O 8. Qd3 Ng4 9. Nh3 d6 10. f3 Nf6 11. Be3 Bxe3 12. Qxe3 Bd7 13. O-O Nh5 14. b4 a6 15. c5 h6 16. Rfc1 Ne7 17. g4 Nf6 18.
Nf2 Nh7 19. a4 Ng6 20. Nd3 Qh4 21. b5 axb5 22. Nxb5 Bxb5 23. axb5 Ng5 24. cxd6 cxd6 25. Qb6 Nh3+ 26. Bxh3 Qxh3 27. Qf2 Nh4 28. Ne1 g5 29. Qg3 Qxg3+ 30. hxg3 Ng6 31. Rxa8 Rxa8 32. Rc7 Rb8 33. Rd7 Nf8 34. Rxd6 Kg7 35. Nd3 f6 36. Nc5 Kf7 37. Rb6 Kg6 38. Rxb7 Rc8 39. Nd3 Rc3 40. Ne1 1-0

[Event "*** Titled Tuesday Blitz"]
[Site "Chess.com"]
[Date "2020.11.24"]
[Round "7"]
[White "Leonid_Starozhilov"]
[Black "Szparu"]
[Result "0-1"]
[WhiteElo "2652"]
[BlackElo "2522"]
[TimeControl "180+1"]
[EndTime "11:35:16 PST"]
[Termination "Szparu won by checkmate"]

1. e4 e6 2. d4 d5 3. e5 c5 4. c3 Nc6 5. Nf3 Bd7 6. a3 f6 7. Bd3 c4 8. Bc2 Qb6 9. O-O O-O-O 10. b3 fxe5 11. bxc4 e4 12. c5 Qc7 13. Ng5 Nh6 14. a4 Be7 15. Na3 a6 16. Nb5 Qb8 17. Qe2 e5 18. h3 exd4 19. Nxd4 Qe5 20. f4 Nxd4 21. cxd4 Qxd4+ 22. Be3 Qf6 23. Rab1 Bc6 24. Rb6 Nf5 25. Rfb1 Nxe3 26. Qxe3 d4 27. Qg3 d3 28. Qg4+ Rd7 29. Nxe4 Qd4+ 30. Kh2 dxc2 31. Rc1 Bxe4 32. c6 bxc6 33. Rxa6 Rd8 34. Qg3 Qd3 35. Qg4 Qxa6 36. Re1 Qd3 37. a5 Bf5 38. Qg3 Qxg3+ 39. Kxg3 Rd1 40. Rxe7 c1=Q 41. a6 Qc3+ 42.
Kh4 Qf6+ 43. Kh5 Qxe7 44. g4 Bg6# 0-1

[Event "*** Titled Tuesday Blitz"]
[Site "Chess.com"]
[Date "2020.11.24"]
[Round "7"]
[White "AlexSuv"]
[Black "Ze-Pequeno"]
[Result "1-0"]
[WhiteElo "2530"]
[BlackElo "2281"]
[TimeControl "180+1"]
[EndTime "11:35:16 PST"]
[Termination "AlexSuv won on time"]

1. d4 Nf6 2. c4 Nc6 3. Nf3 e6 4.
a3 d6 5. Nc3 g6 6. e4 Bg7 7.
Be2 O-O 8. O-O Re8 9. h3 e5 10.
d5 Nd4 11. Be3 c5 12. dxc6 bxc6 13. Nxd4 exd4 14. Bxd4 Nxe4 15. Nxe4 Rxe4 16. Bxg7 Kxg7 17. Rc1 Qf6 18. Bf3 Rd4 19. Qb3 Rd2 20. Rc2 Rxc2 21. Qxc2 Rb8 22. b4 c5 23. b5 Bxh3 24. Rd1 Bf5 25. Qd2 Rd8 26. a4 h5 27. a5 h4 28. b6 axb6 29. a6 d5 30. Bxd5 Be4 31. Qe3 Bxd5 32. cxd5 Ra8 33. d6 Rxa6 34. d7 Ra8 35.
Qe8 Rd8 36. Re1 c4 37. Re7 c3 38. Qxd8 c2 39. Qh8+ Kxh8 40. d8=Q+ Kg7 41. Qc7 Qxe7 42. Qxe7 c1=Q+ 43. Kh2 1-0

[Event "*** Titled Tuesday Blitz"]
[Site "Chess.com"]
[Date "2020.11.24"]
[Round "7"]
[White "Cambek64"]
[Black "CakeinSpace2002"]
[Result "1-0"]
[WhiteElo "2307"]
[BlackElo "2383"]
[TimeControl "180+1"]
[EndTime "11:35:16 PST"]
[Termination "Cambek64 won by resignation"]

1. d4 Nf6 2. c4 g6 3. Nc3 Bg7 4. e4 d6 5. Be2 O-O 6. g4 c5 7. d5 e6 8. g5 Ne8 9. h4 exd5 10.
cxd5 Nc7 11. a4 Re8 12. f3 a6 13. Nh3 Bd7 14. Nf2 b5 15. axb5 axb5 16. Rxa8 Nxa8 17. Kf1 b4 18. Nb1 Qa5 19. Nd2 Nb6 20. Nc4 Nxc4 21. Bxc4 Bb5 22. Qe2 Bxc4 23. Qxc4 Nd7 24. Kg2 Ne5 25. Qe2 c4 26. Be3 Nd3 27. Nxd3 cxd3 28. Qxd3 Bxb2 29. Bd4 Bxd4 30. Qxd4 b3 31. Rb1 Rb8 32.
Rb2 Qe1 33. Qf2 Qd1 34. Kg3 Rc8 35. Qe3 Rb8 36. Kg4 Kf8 37. h5 gxh5+ 38. Kxh5 Qh1+ 39.
Kg4 Qd1 40. Qc3 Kg8 41. Kf4 Rb5 42. Kf5 Rc5 43. Qxb3 Qd4 44. f4 Rc4 45. Re2 Kg7 46. Qb2 Rc3 47. Rc2 1-0

[Event "*** Titled Tuesday Blitz"]
[Site "Chess.com"]
[Date "2020.11.24"]
[Round "7"]
[White "Aleksey_Sorokin"]
[Black "joppie2"]
[Result "1-0"]
[WhiteElo "2824"]
[BlackElo "2945"]
[TimeControl "180+1"]
[EndTime "11:35:18 PST"]
[Termination "Aleksey_Sorokin won by checkmate"]

1. d4 d5 2. c4 e6 3. Nf3 a6 4. cxd5 exd5 5. Nc3 h6 6. g3 c6 7. Bg2 Nf6 8. O-O Bd6 9. Bf4 O-O 10. Qb3 Re8 11.
Ne5 Nh5 12. Rad1 Nxf4 13. gxf4 Nd7 14. e4 Qh4 15. Ne2 Nf6 16. exd5 cxd5 17. Qg3 Qh5 18. Nc3 Be6 19. Kh1 b5 20. Rg1 Bf8 21. Rde1 b4 22.
Nd1 Ne4 23. Bxe4 dxe4 24. Ne3 Bxa2 25. Nd7 Qf3+ 26. Qxf3 exf3 27. Nf6+ Kh8 28. Nxe8 Rxe8 29. Ra1 Rxe3 30. fxe3 Bd5 31. e4 Bxe4 32. Rge1 f5 33. Kg1 Bd6 34. Rxa6 Bxf4 35. Kf2 Bxh2 36. Rb6 Kh7 37.
Rxb4 g5 38. d5 Bxd5 39. Re7+ Kg6 40. Rb6+ Kh5 41. Rh7 Kg4 42. Rb4+ f4 43. Rxh6 Bg3+ 44. Kf1 f2 45. Rd4 Bb7 46. b4 Kf3 47. b5 g4 48. Re6 Bh2 49. Rd3# 1-0

[Event "*** Titled Tuesday Blitz"]
[Site "Chess.com"]
[Date "2020.11.24"]
[Round "7"]
[White "davidkalashian"]
[Black "IANOV0007"]
[Result "0-1"]
[WhiteElo "2541"]
[BlackElo "2431"]
[TimeControl "180+1"]
[EndTime "11:35:18 PST"]
[Termination "IANOV0007 won on time"]

1. d3 d6 2. g3 g6 3. Bg2 Bg7 4. Nf3 c5 5. O-O Nc6 6. e4 Nf6 7. c3 O-O 8. h3 e5 9. c4 h6 10.
Nc3 a6 11. Ne1 Bd7 12. f4 exf4 13. Bxf4 Ne5 14. Nc2 Nh5 15. Ne3 b5 16. Rc1 Rb8 17.
b3 Qc8 18. Kh2 Re8 19. Ncd5 Nxf4 20. gxf4 Nc6 21. f5 Nd4 22. Ng4 Qd8 23. Qd2 Qh4 24. Qf4 gxf5 25. Qxd6 fxg4 26. Qxd7 Be5+ 27. Kh1 Qg3 28.
Qxg4+ Qxg4 29. hxg4 Ne2 30. Rf3 Nxc1 31. Rf5 bxc4 32. dxc4 Nd3 33. g5 hxg5 34. Rxg5+ Kf8 35. Rh5 Nf2+ 36. Kg1 Bd4 37. Kf1 Nxe4 38. Bxe4 Rxe4 39. Kg2 Rbe8 40. Kf3 Re1 41. Rh7 Rf1+ 42. Kg2 Rf2+ 43. Kg3 Re1 0-1

[Event "*** Titled Tuesday Blitz"]
[Site "Chess.com"]
[Date "2020.11.24"]
[Round "7"]
[White "SpasKozhuharov"]
[Black "The_Machine04"]
[Result "1/2-1/2"]
[WhiteElo "2661"]
[BlackElo "2505"]
[TimeControl "180+1"]
[EndTime "11:35:20 PST"]
[Termination "Game drawn by stalemate"]

1. d4 d6 2. e4 Nf6 3. f3 c5 4. dxc5 Qa5+ 5. Nc3 Qxc5 6. Bf4 Nc6 7. Qd2 a6 8. Be3 Qa5 9. Bc4 b5 10. Nd5 Qxd2+ 11. Kxd2 Nxd5 12. Bxd5 Bb7 13. a4 e6 14.
axb5 axb5 15. Rxa8+ Bxa8 16. Bxc6+ Bxc6 17. Ne2 d5 18. Nd4 Kd7 19. Ra1 Bc5 20. Nxc6 Bxe3+ 21. Kxe3 Kxc6 22. exd5+ Kxd5 23. Ra7 Rf8 24. Kd3 h5 25. b4 Kc6 26. h4 g6 27. c4 bxc4+ 28.
Kxc4 Kb6 29. Re7 Rc8+ 30. Kb3 Rf8 31. f4 Kb5 32. Rb7+ Kc6 33. Ra7 Kb6 34. Re7 Kb5 35.
g3 Kb6 36. Kc4 Rc8+ 37. Kd4 Rd8+ 38. Ke4 Rf8 39. Ke5 Rd8 40. Rxf7 Rd3 41. Kxe6 Rxg3 42. f5 Re3+ 43. Kd5 gxf5 44. Rxf5 Rb3 45. Rf4 Kb5 46. Ke5 Rxb4 47. Rxb4+ Kxb4 48. Kf5 Kc5 49. Kg5 Kd6 50. Kxh5 Ke7 51. Kg6 Kf8 52. Kh7 Kf7 53. h5 Kf8 54.
Kg6 Kg8 55. h6 Kh8 56. h7 1/2-1/2

[Event "*** Titled Tuesday Blitz"]
[Site "Chess.com"]
[Date "2020.11.24"]
[Round "7"]
[White "Euwe1234"]
[Black "Ermito2020"]
[Result "1-0"]
[WhiteElo "2503"]
[BlackElo "2611"]
[TimeControl "180+1"]
[EndTime "11:35:20 PST"]
[Termination "Euwe1234 won on time"]

1. e4 c5 2. Nf3 d6 3. d4 cxd4 4. Nxd4 Nf6 5. Nc3 Nc6 6. Bg5 e6 7. Qd2 a6 8. O-O-O Bd7 9. f4 Be7 10.
Nf3 b5 11. Bxf6 gxf6 12. f5 Qb6 13. Kb1 O-O-O 14. g3 Kb8 15. fxe6 fxe6 16. Bh3 Na5 17. Nd4 b4 18. Nce2 e5 19. Bxd7 Rxd7 20. Nf5 Nc4 21. Qd5 Rc8 22. Nc1 Bf8 23. Nb3 Rdc7 24. Rc1 a5 25.
Nd2 Nxd2+ 26. Qxd2 a4 27. Rhe1 Rc4 28. Re3 Qc6 29. Qd3 Kb7 30. g4 Rc5 31. Rh3 Rc7 32. Ne3 b3 33. axb3 axb3 34. Qxb3+ Rb5 35. Nd5 Rxb3 36.
Rxb3+ Kc8 37. Rc3 Qxc3 38. Nxc3 Rg7 39. h3 h5 40. gxh5 Rh7 41. Rf1 Be7 42. Rf5 Kd7 43. Nd5 Ke6 44. Ne3 Bd8 45. c4 Rg7 46. Ng4 Rc7 47.
h6 Rh7 48. Kc2 Rc7 49. Kd3 Rb7 50. b4 1-0

[Event "*** Titled Tuesday Blitz"]
[Site "Chess.com"]
[Date "2020.11.24"]
[Round "7"]
[White "pastouche06"]
[Black "annamaja"]
[Result "1-0"]
[WhiteElo "2514"]
[BlackElo "2293"]
[TimeControl "180+1"]
[EndTime "11:35:20 PST"]
[Termination "pastouche06 won on time"]

1. d4 d5 2. c4 c6 3. Nf3 Nf6 4. Qc2 e6 5. g3 Bd6 6. Bg2 O-O 7. O-O Nbd7 8. Nbd2 b6 9. Rd1 Bb7 10. e4 dxe4 11. Nxe4 Nxe4 12. Qxe4 Nf6 13. Qc2 Qc7 14. c5 bxc5 15. dxc5 Be7 16. Bf4 Qa5 17. Bd6 Rfe8 18. a3 Bxd6 19. Rxd6 Nd5 20. Ne5 Rac8 21. Rd7 Rc7 22.
Rxc7 Qxc7 23. Nc4 Rb8 24. Qa4 Bc8 25. b4 Bd7 26. Re1 f6 27. Qc2 e5 28. Be4 h6 29.
Nd6 Be6 30. f4 f5 31. Bxf5 Bxf5 32. Qxf5 exf4 33. gxf4 Rf8 34. Qe6+ Kh8 35. f5 Qd8 36. Nf7+ Rxf7 37. Qxf7 Qg5+ 38. Kh1 Nf6 39. Rd1 Qxf5 40.
Qf8+ Kh7 41. Qd6 Qf3+ 42. Kg1 Ng4 43. Qd3+ 1-0

[Event "*** Titled Tuesday Blitz"]
[Site "Chess.com"]
[Date "2020.11.24"]
[Round "7"]
[White "Taktikmonster"]
[Black "kakorrhaphiophobie"]
[Result "1-0"]
[WhiteElo "2174"]
[BlackElo "2304"]
[TimeControl "180+1"]
[EndTime "11:35:21 PST"]
[Termination "Taktikmonster won by resignation"]

1. e4 e6 2. d4 d5 3. Nd2 Nc6 4. Ngf3 Nf6 5. e5 Nd7 6. c3 f6 7. exf6 Qxf6 8. Bd3 Bd6 9. Nf1 e5 10. dxe5 Ndxe5 11. Be2 Be6 12. Ne3 O-O-O 13. Nd4 Rhf8 14. Nxe6 Qxf2+ 15. Kd2 d4 16. cxd4 Nxd4 17. Nxd4 Bc5 18.
Kc2 Rxd4 19. Qe1 Qf7 20. Rf1 Qg6+ 21. Kb3 Rb4+ 22. Qxb4 Bxb4 23. Kxb4 Rxf1 24. Bxf1 Qe4+ 25. Kc3 Qc6+ 26. Kd2 Qd6+ 27. Ke1 Qb4+ 28. Bd2 Qxb2 29. Rd1 c6 30. g3 Nf3+ 31. Ke2 Nd4+ 32. Ke1 Nf3+ 33.
Ke2 Nxh2 34. Bh3+ Kc7 35. Rh1 Qb5+ 36. Kf2 Qd3 37. Be1 g5 38. Rxh2 h5 39. Bf5 Qd4 40.
Rxh5 Qb2+ 41. Kf3 Qf6 42. Rh7+ Kb6 43. Bf2 Qe5 44. Nc4+ Kb5 45. Nxe5 1-0

[Event "*** Titled Tuesday Blitz"]
[Site "Chess.com"]
[Date "2020.11.24"]
[Round "7"]
[White "Dedic8"]
[Black "DanielNaroditsky"]
[Result "1-0"]
[WhiteElo "2826"]
[BlackElo "3006"]
[TimeControl "180+1"]
[EndTime "11:35:22 PST"]
[Termination "Dedic8 won by resignation"]

1. e4 e5 2. Nf3 Nc6 3. Bb5 a6 4. Ba4 Nf6 5. O-O Be7 6. Re1 b5 7.
Bb3 d6 8. c3 O-O 9. h3 Na5 10. Bc2 c5 11. d4 Nd7 12. Nbd2 exd4 13. cxd4 Nc6 14. d5 Nce5 15. a4 Rb8 16. axb5 axb5 17.
Nxe5 Nxe5 18. f4 Ng6 19. Nf3 Bf6 20. e5 dxe5 21. fxe5 Bh4 22. Nxh4 Qxh4 23. Be3 Qb4 24.
Qd2 Qxd2 25. Bxd2 Re8 26. b4 c4 27. Bc3 Bb7 28. d6 Nf4 29. Ra7 g6 30. Bd2 Ne6 31. Be3 Red8 32. Bb6 Rd7 33. Be4 c3 34. Bxb7 Rbxb7 35. Rxb7 Rxb7 36. Ba5 c2 37. Rc1 Nd4 38. Kf2 f6 39. Ke3 fxe5 40. Ke4 Rd7 41. Kxe5 Nf5 42. Bc7 Ne3 43. Ke6 Rf7 44. d7 Rxd7 45. Kxd7 Kf7 46. Bf4 Nd5 47. Bd2 Nb6+ 48. Kc6 Nc4 49. Rxc2 1-0

[Event "*** Titled Tuesday Blitz"]
[Site "Chess.com"]
[Date "2020.11.24"]
[Round "7"]
[White "ural58"]
[Black "Bulldog167"]
[Result "1-0"]
[WhiteElo "2441"]
[BlackElo "2609"]
[TimeControl "180+1"]
[EndTime "11:35:22 PST"]
[Termination "ural58 won by resignation"]

1. e4 c6 2. b3 d5 3. Qe2 dxe4 4. Nc3 g6 5. Bb2 Bg7 6. O-O-O a5 7. a3 Nd7 8. Nh3 Ngf6 9. Nxe4 O-O 10. Nhg5 h6 11.
Nxf6+ Nxf6 12. Ne4 b5 13. Nxf6+ exf6 14. Qd3 Qb6 15.
Qe3 c5 16. Bd3 Be6 17. Rhe1 Rfe8 18. Qf3 c4 19. Be4 Rac8 20. Bd5 cxb3 21. Bxb3 Bxb3 22. Rxe8+ Rxe8 23. cxb3 a4 24. Kb1 axb3 25. Qxb3 Qxf2 26. Qxb5 Rd8 27. Qc6 Rb8 28. Ka1 Qe2 29. Qf3 Qb5 30. Qc3 Qd5 31. g3 Qg2 32. h4 h5 33. Rb1 Ra8 34.
Qb3 f5 35. Bxg7 Kxg7 36. Rb2 Qf1+ 37. Ka2 Qa6 38. d4 Qd6 39. d5 Ra5 40. Rd2 Ra6 41. Rd3 Rb6 42. Qc4 Qe5 43. Qd4 Qxd4 44. Rxd4 Kf6 45. d6 Rb8 46. a4 Ke5 47. Rd3 f4 48. gxf4+ Kxf4 49. d7 Rd8 50. a5 Kg4 51. a6 Kxh4 52.
a7 g5 53. Re3 Ra8 54. Kb3 g4 55. Re8 1-0

[Event "*** Titled Tuesday Blitz"]
[Site "Chess.com"]
[Date "2020.11.24"]
[Round "7"]
[White "margarita_2703"]
[Black "Mikhail_Golubev"]
[Result "1-0"]
[WhiteElo "2419"]
[BlackElo "2553"]
[TimeControl "180+1"]
[EndTime "11:35:22 PST"]
[Termination "margarita_2703 won on time"]

1. Nf3 d6 2. d4 Nf6 3. c4 g6 4.
Nc3 Bg7 5. e4 O-O 6. Be2 e5 7.
O-O Nc6 8. d5 Ne7 9. b4 Ne8 10.
a4 f5 11. Ba3 Nf6 12. Nd2 f4 13. c5 g5 14. Nc4 g4 15. b5 f3 16. gxf3 gxf3 17. Bxf3 Ne8 18. cxd6 Nxd6 19. Nxd6 cxd6 20. Kh1 Ng6 21. Rg1 Qh4 22. Bxd6 Rf6 23. Ba3 Nf4 24. Be7 Qxh2+ 25. Kxh2 Rh6+ 26. Bh5 Rxh5+ 27. Qxh5 Nxh5 28. d6 Be6 29. Nd5 Kf7 30. Nc7 Rc8 31. Nxe6 Kxe6 32. Rg5 Nf4 33. Rxg7 Rc3 34. Rxh7 Rf3 35. Rf1 Nd3 36.
Bh4 Nc5 37. Kg2 Rd3 38. Be7 Nxe4 39. f3 Rd2+ 40. Kh3 Nc5 41. Rc1 Nd7 42. Rc7 Rd3 43.
Kg3 e4 44. Kf2 exf3 45. Rh6+ Kf5 46. Rxd7 1-0

[Event "*** Titled Tuesday Blitz"]
[Site "Chess.com"]
[Date "2020.11.24"]
[Round "7"]
[White "mortngabriel"]
[Black "chenxiaoyuer"]
[Result "0-1"]
[WhiteElo "2350"]
[BlackElo "2501"]
[TimeControl "180+1"]
[EndTime "11:35:23 PST"]
[Termination "chenxiaoyuer won on time"]

1. e4 c5 2. Nf3 d6 3. Bb5+ Nd7 4. O-O Nf6 5. Re1 a6 6. Bd3 e6 7. c3 b5 8. Bc2 Bb7 9. d4 Be7 10. Nbd2 O-O 11. Nf1 Rc8 12. Ng3 Nb6 13. Qe2 cxd4 14. cxd4 d5 15. e5 Ne4 16. Nxe4 dxe4 17. Bxe4 Bxe4 18. Qxe4 Qd5 19. Qg4 Kh8 20. Qh5 f6 21. b3 fxe5 22. Nxe5 Kg8 23. Be3 Rc2 24. Rec1 Qe4 25.
Qh3 Rf5 26. Qg4 Rxc1+ 27. Rxc1 Rxe5 28. Qg3 Rf5 29. Qb8+ Kf7 30. Qxb6 Qd3 31. h3 Qe2 32. Rc7 Kf6 33. Qc6 Rd5 34. Rd7 Rxd7 35. Qxd7 Qxa2 36. d5 Qa1+ 37. Kh2 Qe5+ 38. g3 Qxd5 39. Qa7 Bd6 40. Qxa6 Be5 41. Qb6 Qxb3 0-1

[Event "*** Titled Tuesday Blitz"]
[Site "Chess.com"]
[Date "2020.11.24"]
[Round "7"]
[White "MikeSailer"]
[Black "shriyanasmallya"]
[Result "1-0"]
[WhiteElo "2150"]
[BlackElo "1675"]
[TimeControl "180+1"]
[EndTime "11:35:23 PST"]
[Termination "MikeSailer won by resignation"]

1. d4 d5 2. Nf3 Nf6 3. Bf4 e6 4.
e3 Bd6 5. Bxd6 Qxd6 6. Nbd2 O-O 7. Bd3 Nbd7 8. O-O c5 9. c3 c4 10. Bc2 b6 11. Re1 Bb7 12. b3 cxb3 13. axb3 Ne4 14. Nxe4 dxe4 15. Nd2 f5 16. Nc4 Qc6 17. Qd2 Rf6 18.
Ra2 a5 19. Na3 Raf8 20. c4 f4 21. Nb5 f3 22. g3 Rh6 23. Nc3 Nf6 24. d5 exd5 25.
Nxd5 Nxd5 26. Bxe4 Qe6 27. Bxd5 Bxd5 28. Qxd5 Qxd5 29.
cxd5 Rd6 30. e4 Rfd8 31. Re3 Rf8 32. Rd2 Rd7 33. Rdd3 Rc7 34. Rxf3 Rc1+ 35. Kg2 Re8 36. Rfe3 b5 37. e5 a4 38. bxa4 bxa4 39. e6 Rcc8 40.
d6 Ra8 41. d7 Red8 42. e7 Rdb8 43. e8=Q+ Rxe8 44.
dxe8=Q+ Rxe8 45. Rxe8+ Kf7 46. Ra8 Ke7 47. Ra6 Kf7 48.
Rd7+ Ke8 49. Rb7 1-0